 Dungeon Crawl Stone Soup version 0.29.1-15-g9cfb28693d (webtiles) character file.

Game seed: 4755240942689920663

3518 NateTC the Grappler (level 9, 0/89 HPs)
             Began as a Troll Fighter on June 5, 2023.
             Was an Initiate of Wu Jian.
             Killed by divine providence
             ... invoked by an orc priest
              (12 damage)
             ... on level 9 of the Dungeon.
             The game lasted 00:06:58 (6050 turns).

NateTC the Grappler (Troll Fighter)                 Turns: 6050, Time: 00:06:58

Health: 0/89       AC:  6    Str: 26    XL:     9   Next: 81%
Magic:  8/8        EV:  9    Int:  8    God:    Wu Jian [......]
Gold:   466        SH:  8    Dex:  9    Spells: 8/8 levels left

rFire   . . .      SeeInvis .     - Unarmed
rCold   . . .      Faith    .   b - +0 kite shield
rNeg    . . .      Spirit   .   a - +0 robe
rPois   .          Reflect  .   (helmet restricted)
rElec   .          Harm     .   y - +1 cloak
rCorr   .          Rampage  .   (gloves unavailable)
Will    .....                   (boots unavailable)
Stlth   +.........              l - amulet of regeneration
HPRegen 1.84/turn               e - ring of wizardry
MPRegen 0.11/turn               (no ring)

@: hasted, very quick
A: large, unfitting armour, claws 3, regeneration 1, shaggy fur 1, tough skin 1
a: Renounce Religion


You were on level 9 of the Dungeon.
You worshipped Wu Jian.
Wu Jian was noncommittal.
You visited 2 branches of the dungeon, and saw 10 of its levels.

You collected 466 gold pieces.

Inventory:

Armour
 a - a +0 robe (worn)
 b - a +0 kite shield (worn)
 y - a +1 cloak (worn)
Jewellery
 e - a ring of wizardry (left claw)
 l - an amulet of regeneration (around neck)
 o - a ring of protection from fire
Wands
 p - a wand of roots (22)
 w - a wand of mindburst (43)
 z - a wand of acid (3)
 B - a wand of paralysis (14)
Scrolls
 i - 6 scrolls of teleportation
 k - 3 scrolls of vulnerability
 n - 2 scrolls of enchant weapon
 s - 2 scrolls of magic mapping
 C - a scroll of identify
Potions
 c - a potion of might
 d - 3 potions of heal wounds {unknown}
 f - 4 potions of flight {unknown}
 g - 3 potions of haste
 h - 2 potions of attraction {unknown}
 j - 2 potions of magic {unknown}
 m - a potion of resistance {unknown}
 q - 3 potions of brilliance {unknown}
 r - 3 potions of curing
 t - a potion of degeneration {unknown}
 u - 2 potions of lignification {unknown}
 v - a potion of mutation {unknown}
 x - a potion of cancellation {unknown}
 A - a potion of ambrosia {unknown}


   Skills:
 + Level 6.2 Fighting
 + Level 3.7 Dodging
 + Level 6.8 Shields
 * Level 9.9 Unarmed Combat


You had 8 spell levels left.
You didn't know any spells.
Your spell library contained the following spells:

 Spells                   Type           Power      Damage    Failure   Level
 Beastly Appendage        Tmut           0%         N/A       32%         1
 Wereblood                Tmut           0%         N/A       45%         2
 Frozen Ramparts          Ice            0%         1d1       69%         3
 Spider Form              Tmut/Pois      0%         N/A       69%         3
 Leda's Liquefaction      Hex/Erth       0%         N/A       96%         4
 Lee's Rapid Deconstruct  Erth           0%         3d5*      100%        5
 Lehudib's Crystal Spear  Conj/Erth      0%         10d2      100%        8


Dungeon Overview and Level Annotations

Branches:
Dungeon (8/15)             Temple (1/1) D:7
   Lair: D:8-11

Altars:
Cheibriados
Elyvilon
Fedhas
Gozag
Makhleb
Nemelex Xobeh
Okawaru
Sif Muna
Trog
Uskayaw
Vehumet
Wu Jian
Xom
The Shining One


Innate Abilities, Weirdness & Mutations

You are too large for most types of armour.
You have claws for hands.
Your natural rate of healing is unusually fast.
You are covered in fur. (AC +1)
You have tough skin. (AC +1)


Message History

Things that are here:
a +0 hand axe; an orc corpse Something hits you.
Something bites you.
Something draws strength from your injuries!
You scratch something but do no damage.
The orc priest miscasts a cantrip.
The orc priest barely misses you. Something hits you!
Something bites you but does no damage.
Things that are here:
a +0 hand axe; an orc corpse You completely miss something.
Something hits you but does no damage. Something bites you.
Something draws strength from your injuries!
You scratch something but do no damage. You block something's attack.
Something bites you!
Something draws strength from your injuries!
You miss something. Something hits you! Something completely misses you.
You miss something. Something hits you! Something completely misses you.
You claw something! Something draws life force from you!
* * * LOW HITPOINT WARNING * * *
The orc wizard casts a spell.
The orc wizard flickers and vanishes!
You scratch the orc priest but do no damage.
The orc priest invokes the aid of Beogh against you.
You struggle to resist.
Something hits you!
* * * LOW HITPOINT WARNING * * *
Something bites you but does no damage.
You feel yourself speed up. Something hits you!
* * * LOW HITPOINT WARNING * * *
Something bites you!
* * * LOW HITPOINT WARNING * * *
Something draws strength from your injuries!
The orc priest hits you but does no damage.
Okay, then.
You feel better. You block something's attack. Something bites you.
* * * LOW HITPOINT WARNING * * *
Something draws strength from your injuries!
The orc priest calls down the wrath of Beogh upon you.
Beogh smites you!
You die...

#######'#### ####..#
##....## #..####
##'############ #######
#.............# .......
#.............##[......
#.............#........
#............@#........
#............o{.)......
#..............#.......
#.............##.......
#.............# .......
######+##### .......
#######


You could see an orc priest.

Vanquished Creatures
  Pikel (D:4)
  A manticore (D:9)
  Grinder (D:3)
  A wyvern (D:8)
  A steam dragon (D:6)
  A sky beast (D:7)
  2 ice beasts (D:7)
  2 black bears
  2 ogres (D:4)
  2 centaurs
  2 lemures (D:4)
  2 kobold brigands (D:7)
  A bullfrog (D:6)
  5 scorpions
  2 jellies
  3 orc priests
  A hound (D:5)
  Crazy Yiuf (D:4)
  5 iguanas
  Ijyb (D:3)
  Natasha (thrice) (D:2)
  8 orc wizards
  The ghost of Mickster the Chopper, a weakling HOBe of Trog (D:3)
  Robin (D:4)
  4 gnolls (D:5)
  6 adders
  A shadow imp (D:7)
  4 white imps
  An ufetubus (D:4)
  A worm (D:3)
  2 dart slugs (D:1)
  26 orcs
  9 bats
  9 endoplasms
  4 giant cockroaches
  17 goblins
  9 hobgoblins
  6 jackals
  16 kobolds
  2 quokkas
  6 ball pythons
  4 frilled lizards
  6 rats
183 creatures vanquished.

Notes
Turn   | Place    | Note
-------+----------+-------------------------------------------
     0 | D:1      | NateTC the Troll Fighter began the quest for the Orb.
     0 | D:1      | Reached XP level 1. HP: 22/22 MP: 0/0
    77 | D:1      | Reached XP level 2. HP: 29/29 MP: 1/1
   469 | D:1      | Reached XP level 3. HP: 36/36 MP: 2/2
   773 | D:2      | Reached skill level 3 in Unarmed Combat
   834 | D:2      | Noticed Natasha
   839 | D:2      | Killed Natasha
   840 | D:2      | Reached XP level 4. HP: 31/44 MP: 3/3
  1105 | D:2      | Noticed Natasha
  1116 | D:2      | Killed Natasha
  1229 | D:2      | Noticed Natasha
  1233 | D:2      | Killed Natasha
  1251 | D:2      | Found a faded altar of an unknown god.
  1331 | D:3      | Found an opulent altar of Gozag.
  1372 | D:3      | Noticed Grinder
  1383 | D:3      | Killed Grinder
  1384 | D:3      | Reached skill level 4 in Unarmed Combat
  1384 | D:3      | Reached XP level 5. HP: 39/53 MP: 4/4
  1384 | D:3      | Reached XP level 6. HP: 44/61 MP: 5/5
  1505 | D:3      | Noticed Ijyb
  1511 | D:3      | Killed Ijyb
  1512 | D:3      | Reached skill level 5 in Unarmed Combat
  1736 | D:3      | Found a runed translucent door.
  1736 | D:3      | Noticed Mickster's ghost (weakling HOBe)
  1948 | D:3      | Found a white marble altar of Elyvilon.
  2057 | D:3      | Found a radiant altar of Vehumet.
  2211 | D:3      | Reached XP level 7. HP: 47/68 MP: 6/6
  2215 | D:3      | Killed Mickster's ghost
  2222 | D:3      | Got the Compendium of the Frore Quarry
  2333 | D:4      | Identified the +5 sling of the Modern Visionaries {freeze,
                  | Fly Will++}
  2447 | D:4      | Reached skill level 6 in Unarmed Combat
  2539 | D:4      | Noticed Robin
  2570 | D:4      | Killed Robin
  2906 | D:4      | Noticed Pikel
  2931 | D:4      | Killed Pikel
  2932 | D:4      | Reached skill level 5 in Shields
  2932 | D:4      | Reached skill level 7 in Unarmed Combat
  2932 | D:4      | Reached XP level 8. HP: 32/79 MP: 7/7
  2998 | D:4      | Found a runed translucent door.
  2999 | D:4      | Noticed Crazy Yiuf
  3066 | D:4      | Found a sparkling altar of Nemelex Xobeh.
  3137 | D:4      | Killed Crazy Yiuf
  3187 | D:5      | Entered Level 5 of the Dungeon
  3271 | D:5      | Reached skill level 5 in Fighting
  3379 | D:5      | Reached skill level 8 in Unarmed Combat
  3943 | D:6      | Found a shimmering blue altar of Sif Muna.
  4061 | D:6      | Found a bloodstained altar of Trog.
  4138 | D:6      | Found a hide-covered altar of Uskayaw.
  4139 | D:6      | Found a snail-covered altar of Cheibriados.
  4357 | D:6      | Reached XP level 9. HP: 88/88 MP: 8/8
  4406 | D:6      | Found a burning altar of Makhleb.
  5015 | D:7      | Found a shimmering altar of Xom.
  5039 | D:7      | Reached skill level 9 in Unarmed Combat
  5393 | D:7      | Found a staircase to the Ecumenical Temple.
  5430 | Temple   | Entered the Ecumenical Temple
  5436 | Temple   | Became a worshipper of the Wu Jian Council
  6005 | D:8      | You fall into a shaft and drop 1 floor!
  6016 | D:9      | Noticed a manticore
  6023 | D:9      | Killed a manticore
  6049 | D:9      | HP: 4/89 [something (9)]
  6050 | D:9      | Killed from afar by an orc priest

Illustrated notes

Levels and vault maps discovered:
D:1:      tarquinn_simple_flora_water_f, layout_basic
D:2:      layout_rooms, shapermc_ecumenical_altar_petra, corexii_hall_statues_l,
          minivault_14, uniq_natasha
D:3:      minmay_evil_eye, layout_basic, elyvilon_altar_3,
          nicolae_vehumet_radiance, grunt_gozag_breadcrumbs,
          ebering_ghost_inner_flame, fountainhead, uniq_grinder, uniq_ijyb
D:4:      layout_cave_pools, nemelex_dance_club_becter, serial_glass,
          glass_columns_a, glass_columns_a, uniq_robin, uniq_crazy_yiuf_cottage,
          uniq_pikel
D:5:      layout_basic, minivault_25
D:6:      layout_loops_ring, mainiacjoe_overflow_24_doors,
          mainiacjoe_overflow_boulevard,
          chequers_temple_overflow_statue_of_worship, trog_three_pillars_becter,
          grunt_decor_arrowhead
D:7:      layout_layer_cave, xom_teletrap_fun, minmay_temple_entry_tees
D:8:      layout_rooms, gammafunk_ghost_smash
D:9:      layout_roguey, david_orc_1_choice, enter_bailey_2, uniq_erica
Temple:   eino_wide_crystal_templ

Skill      XL: |  1  2  3  4  5  6  7  8  9 |
---------------+----------------------------+-----
Shields        | 3 4 5 6 |  6.8
Unarmed Combat | 3 4 5 7 8 9 |  9.9
Fighting       | 3 4 5 6 |  6.2
Dodging        | 3 |  3.7

Action                   |  1- 3 |  4- 6 |  7- 9 || total
-------------------------+-------+-------+-------++-------
Melee: Unarmed           |    89 |   124 |   288 ||   501
Invok: Lunge             |       |       |     5 ||     5
  Use: Scroll            |     1 |       |    10 ||    11
       Potion            |       |       |     2 ||     2
 Stab: Sleeping          |       |       |     2 ||     2
Armor: Robe              |    54 |    30 |    85 ||   169
Dodge: Dodged            |    38 |    26 |    98 ||   162
Block: Kite shield       |    42 |    37 |   113 ||   192
